 Dungeon Crawl Stone Soup version 0.30-a0-778-g2ef04afb54 (webtiles) character file.

Game seed: 11421711658246553081

58 IdlyInterested the Cudgeller (level 3, -3/27 HPs)
             Began as a Demonspawn Gladiator on Feb 15, 2023.
             Slain by a gnoll
             ... wielding a +2 spear of venom
              (7 damage)
             ... on level 3 of the Dungeon.
             The game lasted 00:03:35 (1962 turns).

IdlyInterested the Cudgeller (Demonspawn Gladiator) Turns: 1962, Time: 00:03:35

Health: -3/27      AC:  6    Str: 16    XL:     3   Next: 75%
Magic:  3/3        EV: 11    Int: 21    God:
Gold:   64         SH:  0    Dex: 14    Spells: 2/2 levels left

rFire   . . .      SeeInvis .    a - +0 flail
rCold   . . .      Faith    .    (no shield)
rNeg    . . .      Spirit   .    f - +0 ring mail
rPois   .          Reflect  .    c - +0 helmet
rElec   .          Harm     .    (no cloak)
rCorr   .          Rampage  .    (no gloves)
Will    .....                    (no boots)
Stlth   +                        (no amulet)
HPRegen 0.24/turn                k - +6 ring of intelligence
MPRegen 0.08/turn                q - +6 ring of intelligence

@: lethally poisoned (-3 -> -7)
A: spiny 2
a: no special abilities


You were on level 3 of the Dungeon.
You visited 1 branch of the dungeon, and saw 3 of its levels.

You collected 64 gold pieces.

Inventory:

Hand Weapons
 a - a +0 flail (weapon)
Missiles
 d - 3 throwing nets (quivered)
 e - 7 javelins
Armour
 c - a +0 helmet (worn)
 f - a +0 ring mail (worn)
Jewellery
 k - a +6 ring of intelligence (left hand)
 q - a +6 ring of intelligence (right hand)
Scrolls
 g - 2 scrolls of teleportation {unknown}
 i - a scroll of fear {unknown}
 j - a scroll of noise {unknown}
 l - a scroll of brand weapon {unknown}
 n - 2 scrolls of identify {unknown}
Potions
 b - a potion of cancellation {unknown}
 h - a potion of might {unknown}
 m - a potion of brilliance {unknown}
 o - a potion of curing {unknown}
 p - a potion of degeneration {unknown}


   Skills:
 - Level 2.0 Fighting
 * Level 3.9 Maces & Flails
 - Level 2.0 Throwing
 - Level 3.0 Dodging
 + Level 0.5 Stealth


You had 2 spell levels left.
You didn't know any spells.
Your spell library was empty.

Dungeon Overview and Level Annotations

Branches:
Dungeon (3/15)

Altars:


Innate Abilities, Weirdness & Mutations

You are mostly covered in sharp spines.


Message History

There is an open door here.
g - 2 scrolls labelled ZATEWOIMIO (gained 1)
A gnoll comes into view. It is wielding a +2 spear of venom.
The gnoll shouts!
You hear a shout!
The gnoll moves out of view.
A gnoll comes into view. It is wielding a +0 club.
The gnoll shouts!
The gnoll misses you.
You hit the gnoll.
The gnoll is moderately wounded.
The gnoll barely misses you.
You hit the gnoll.
The gnoll is severely wounded.
The gnoll barely misses you.
You sock the gnoll!
You kill the gnoll!
A gnoll comes into view. It is wielding a +0 spear.
The gnoll shouts!
Things that are here:
a +0 club; a gnoll corpse The gnoll hits you with a +2 spear of venom.
You are poisoned.
The gnoll hits you but does no damage.
You closely miss the gnoll.
You feel very sick. The gnoll misses you.
The gnoll hits you from afar with a +0 spear.
You closely miss the gnoll.
You feel very sick.
The gnoll hits you with a +2 spear of venom.
The gnoll hits you from afar with a +0 spear.
You closely miss the gnoll.
You feel sick. The gnoll closely misses you.
The gnoll hits you from afar with a +0 spear.
* * * LOW HITPOINT WARNING * * *
You sock the gnoll!
The gnoll is severely wounded.
* * * LOW HITPOINT WARNING * * *
You feel sick. The gnoll is struck by your spines.
The gnoll hits you with a +2 spear of venom!
You die...

........# #.#
........# #.#
........# #.#
.....†..# #.#
........####.#
........'....#
........###########
........# #....)..#
##'###### #.####@##
#.# #.# #g# #.# #.#
#g# #.# #.# ... #.#
#.# ####
#.########.# #...
#..........# #..#
############ #..#
#..#


You could see 2 gnolls.

Vanquished Creatures
  A gnoll (D:3)
  An adder (D:2)
  4 bats
  An endoplasm (D:2)
  A giant cockroach (D:1)
  2 goblins
  4 hobgoblins
  3 jackals (D:1)
  4 kobolds
  4 quokkas
  2 ball pythons
  2 frilled lizards
  8 rats
37 creatures vanquished.

Notes
Turn   | Place    | Note
-------+----------+-------------------------------------------
     0 | D:1      | IdlyInterested the Demonspawn Gladiator began the quest for
                  | the Orb.
     0 | D:1      | Reached XP level 1. HP: 16/16 MP: 1/1
   200 | D:1      | Gained mutation: You are partially covered in sharp spines.
                  | [demonic ancestry]
   200 | D:1      | Reached XP level 2. HP: 22/22 MP: 2/2
  1395 | D:2      | Gained mutation: You are mostly covered in sharp spines.
                  | [demonic ancestry]
  1395 | D:2      | Reached XP level 3. HP: 27/27 MP: 3/3
  1962 | D:3      | Slain by a gnoll

Illustrated notes

Levels and vault maps discovered:
D:1:      dpeg_arrival_snail, layout_loops_ring, chequers_serial_rivers_large_a
D:2:      layout_loops_ring
D:3:      kennysheep_goblin_castle, layout_basic, zin_angel,
          ebering_ecumenical_altar_rust

Skill      XL: |  1  2  3 |
---------------+----------+-----
Maces & Flails | 3 |  3.9
Dodging        | 3 |  3.0
Throwing       | 2 |  2.0
Fighting       | |  2.0
Stealth        | |  0.5

Action                     || total
---------------------------++-------
  Melee: Flail             ||    76
         Punch             ||     1
 Armour: Ring mail         ||    32
  Dodge: Dodged            ||    53

Table legend: (Time is in decaauts)
 A = Elapsed time spent in this place.
 B = Non-inter-level travel time spent in this place.
 C = Inter-level travel time spent in this place.
 D = Time resting spent in this place.
 E = Time spent auto-exploring this place.
 F = Levels seen in this place.
 G = Mean time per level.
                   A        B        C        D        E       F      G
               +--------+--------+--------+--------+--------+-----+--------+
         Total |   1994 |   1658 |    336 |      0 |   1335 |   3 |  664.7 |
       Dungeon |   1994 |   1658 |    336 |      0 |   1335 |   3 |  664.7 |
               +--------+--------+--------+--------+--------+-----+--------+

Top non-repeatable levels by time:
     D:1: 1087 daAuts
     D:2: 769 daAuts
     D:3: 138 daAuts
